 Dungeon Crawl Stone Soup version 0.28.0-43-g3370ac3207 (webtiles) character file.

Game seed: 10236757283317507294

16437 pkoi the Frost Mage (level 12, -8/64 HPs)
             Began as a Deep Elf Ice Elementalist on Mar 8, 2022.
             Was a Believer of Sif Muna.
             Shot with a bolt by a yaktaur (15 damage)
             ... on level 12 of the Dungeon.
             The game lasted 00:42:54 (22208 turns).

pkoi the Frost Mage (Deep Elf Ice Elementalist)    Turns: 22208, Time: 00:42:54

Health: -8/64      AC: 20    Str:  5    XL:     12   Next: 10%
Magic:  26/29      EV: 15    Int: 35    God:    Sif Muna [**....]
Gold:   101        SH:  0    Dex: 15    Spells: 15/34 levels left

rFire   . . .      SeeInvis .   z - +0 shortbow
rCold   + . .      Faith    .   (shield currently unavailable)
rNeg    . . .      Spirit   .   J - +2 robe {rC+}
rPois   +          Reflect  .   i - +2 helmet {Int+3}
rElec   .          Harm     .   k - +0 cloak
rCorr   .          Rampage  .   (no gloves)
Will    +....                   (no boots)
Stlth   +++.......              t - amulet of magic regeneration
HPRegen 0.20/turn               w - +6 ring of intelligence
MPRegen 0.61/turn               e - ring of poison resistance

@: ice-armoured
A: no striking features
a: Renounce Religion, Channel Magic


You were on level 12 of the Dungeon.
You worshipped Sif Muna.
Sif Muna was pleased with you.
You visited 2 branches of the dungeon, and saw 13 of its levels.

You collected 945 gold pieces.
You spent 844 gold pieces at shops.

Inventory:

Hand Weapons
 b - a +1 dagger of protection
 p - a +3 dagger of venom
 q - a +3 flail
 z - a +0 shortbow (weapon)
Missiles
 g - 2 throwing nets
 u - 261 stones
 A - 260 arrows (quivered ammo)
Armour
 f - an orb of energy
 i - a +2 helmet of intelligence (worn)
 k - a +0 cloak (worn)
 J - a +2 robe of cold resistance (worn)
Magical Staves
 C - a staff of poison
Jewellery
 e - a ring of poison resistance (right hand)
 s - a +4 ring of evasion
 t - an amulet of magic regeneration (around neck)
 w - a +6 ring of intelligence (left hand)
 B - a ring of wizardry
 I - a ring of ice
Wands
 o - a wand of digging (8)
 y - a wand of iceblast (2)
Scrolls
 a - a scroll of holy word
 d - 2 scrolls of identify
 h - a scroll of blinking
 l - 2 scrolls of brand weapon
 m - 2 scrolls of amnesia
 r - a scroll of silence
 x - 3 scrolls of teleportation
 E - a scroll of summoning
 G - a scroll of enchant weapon
 H - a scroll of enchant armour {unknown}
 K - a scroll of fear
Potions
 c - a potion of heal wounds
 j - 2 potions of might
 n - 4 potions of curing
 v - a potion of resistance
 D - 2 potions of haste
 F - 2 potions of flight
 L - a potion of brilliance {unknown}


   Skills:
 + Level 3.2 Fighting
 - Level 5.2 Bows
 + Level 1.5 Armour
 + Level 6.5 Dodging
 - Level 6.0 Stealth
 + Level 11.7 Spellcasting
 + Level 8.7 Conjurations
 + Level 2.9 Translocations
 + Level 13.7 Ice Magic
 - Level 5.0 Earth Magic


You had 15 spell levels left.
You knew the following spells:

 Your Spells              Type           Power      Damage    Failure   Level
a - Freeze                Ice            100%       1d11      0%          1
b - Frozen Ramparts       Ice            100%       1d12      1%          3
c - Ozocubu's Armour      Ice            87%        N/A       1%          3
d - Hailstorm             Conj/Ice       78%        3d16      1%          4
e - Stone Arrow           Conj/Erth      100%       3d13      1%          3
f - Sandblast             Erth           100%       2d20      1%          1
g - Iskenderun's Mystic   Conj/Tloc      57%        2d12      1%          4

Your spell library contained the following spells:

 Spells                   Type           Power      Damage    Failure   Level
 Foxfire                  Conj/Fire      100%       2x1d9     1%          1
 Magic Dart               Conj           100%       1d8       1%          1
 Summon Small Mammal      Summ           80%        N/A       1%          1
 Passwall                 Tmut/Erth      31%        N/A       1%          2
 Searing Ray              Conj           100%       2d8       1%          2
 Conjure Flame            Conj/Fire      50%        6-21      1%          3
 Dazzling Flash           Conj/Hex       100%       N/A       1%          3
 Gell's Gravitas          Tloc           41%        N/A       1%          3
 Mephitic Cloud           Conj/Pois/Air  40%        N/A       1%          3
 Teleport Other           Tloc           41%        N/A       1%          3
 Ice Form                 Ice/Tmut       62%        N/A       1%          4
 Summon Ice Beast         Ice/Summ       62%        N/A       1%          4
 Call Imp                 Summ           20%        N/A       3%          2
 Flame Wave               Conj/Fire      50%        2d10      3%          4
 Fulminant Prism          Conj/Hex       25%        3d14      3%          4
 Call Canine Familiar     Summ           20%        N/A       6%          3
 Inner Flame              Hex/Fire       20%        N/A       6%          3
 Summon Guardian Golem    Hex/Summ       20%        N/A       6%          3
 Animate Dead             Necr           10%        N/A       21%         4
 Borgnjor's Vile Clutch   Necr/Erth      19%        N/A       21%         5
 Starburst                Conj/Fire      25%        6d8       47%         6
 Dispersal                Tloc           20%        N/A       67%         6
 Death Channel            Necr           10%        N/A       97%         6


Dungeon Overview and Level Annotations

Branches:
Dungeon (12/15)            Temple (1/1) D:5            Lair (0/6) D:10
    Orc (0/2) D:12

Altars:
Ashenzari
Cheibriados
Dithmenos
Elyvilon
Fedhas
Gozag
Hepliaklqana
Kikubaaqudgha
Makhleb
Nemelex Xobeh
Okawaru
Qazlal
Ru
Sif Muna
Trog
Uskayaw
Vehumet
Wu Jian
Xom
Yredelemnul
Zin
The Shining One

Shops:
D:1 :   D:6 *   D:10 [!   D:12 =[:!


Message History

* * * LOW HITPOINT WARNING * * *
Items here: ( ))))) [[ †.
Casting: Hailstorm (safe; 1% risk of failure)
Confirm with . or Enter, or press ? or * to list all spells.
Casting: Hailstorm (safe; 1% risk of failure)
Press: ? - help, Dir - look around, f - activate A cannonade of hail descends around you!
The hail pelts the yaktaur!!
The yaktaur is severely wounded.
The yaktaur shoots a bolt.
The bolt barely misses you.
Unknown command.
Casting: Hailstorm (safe; 1% risk of failure)
Confirm with . or Enter, or press ? or * to list all spells.
Casting: Hailstorm (safe; 1% risk of failure)
Press: ? - help, Dir - look around, f - activate A cannonade of hail descends around you!
The hail pelts the yaktaur!!
You kill the yaktaur!
Sif Muna accepts your kill.
You start resting.
A yaktaur is nearby!
A yaktaur is nearby!
A yaktaur is nearby!
A yaktaur is nearby!
You start resting.
Magic restored.
You start resting.
A yaktaur is nearby!
A yaktaur is nearby!
Items here: ( ))))) [[ †.
Casting: Hailstorm (safe; 1% risk of failure)
Confirm with . or Enter, or press ? or * to list all spells.
You can't see any susceptible monsters within range! (Use Z to cast anyway.)
The yaktaur wields a +0 arbalest.
The yaktaur shoots a bolt.
The bolt hits you!!
* * * LOW HITPOINT WARNING * * *
You see here a +0 whip.
Casting: Hailstorm (safe; 1% risk of failure)
Confirm with . or Enter, or press ? or * to list all spells.
A film of ice covers your body!
The yaktaur shoots a bolt.
The bolt hits you!
You die...

#........####....[#
#########.#..........#
#......##.##.........##
#......##..............
#......#####.#.........
##.........##.#.........
#......)...##.#.#.#.#...
#......))..##.#.#.#.#...
#....).@#####..§#§#.#...
........# #...§.§..#.#.
#...c...# #..≈.≈...#...
#.......####.≈...≈.##...
#...........§§.∩..≈.#...
#####........≈§..≈..#...
#....#...§≈.≈.[.#...
.............≈....#...
.cc...###....#..+#.#...


You could see a yaktaur.

Vanquished Creatures
  Harold (D:7)
  Fannar (D:12)
  2 hydras (D:11)
  2 two-headed ogres
  Pikel (D:6)
  Joseph (D:7)
  2 gargoyles (D:12)
  An unseen horror (D:12)
  A komodo dragon (D:10)
  3 yaktaurs (D:12)
  A kobold demonologist (D:12)
  2 trolls
  9 slime creatures
  Grinder (D:6)
  A hornet (D:8)
  10 yaks
  4 wyverns (D:8)
  2 steam dragons
  Edmund (D:4)
  2 vampire mosquitoes (D:11)
  Menkaure (D:6)
  An acid dragon (D:9)
  Duvessa (D:6)
  3 orc warriors
  A sky beast (D:6)
  2 black bears
  5 necrophages
  4 ogres
  7 centaurs
  A lemure (D:6)
  3 kobold brigands
  3 bullfrogs
  2 water moccasin zombies (D:5)
  A gnoll sergeant (D:12)
  4 scorpions
  Dowan (D:6)
  4 killer bees (D:9)
  3 howler monkeys
  2 jellies
  2 centaur zombies
  3 bullfrog skeletons
  A hound (D:5)
  9 orc priests
  Crazy Yiuf (D:2)
  An iguana (D:5)
  8 orc wizards
  A killer bee zombie (D:7)
  Robin (D:2)
  A howler monkey zombie (D:10)
  8 gnolls
  6 adders
  A white imp (D:6)
  2 ufetubi
  2 adder skeletons (D:4)
  A worm (D:2)
  3 dart slugs
  29 orcs
  6 endoplasms
  2 giant cockroaches (D:1)
  16 goblins
  9 hobgoblins
  4 jackals (D:4)
  7 quokkas
  8 ball pythons
  A frilled lizard (D:1)
  25 kobolds
  5 rats
260 creatures vanquished.

Vanquished Creatures (others)
  8 plants
8 creatures vanquished.

Grand Total: 268 creatures vanquished

Notes
Turn   | Place    | Note
-------+----------+-------------------------------------------
     0 | D:1      | pkoi the Deep Elf Ice Elementalist began the quest for the
                  | Orb.
     0 | D:1      | Reached XP level 1. HP: 10/10 MP: 6/6
   423 | D:1      | Reached XP level 2. HP: 15/15 MP: 8/8
   708 | D:1      | Found Kalirgh's Book Emporium.
   784 | D:1      | Reached skill level 5 in Ice Magic
  1316 | D:1      | Reached XP level 3. HP: 16/19 MP: 8/10
  1557 | D:2      | Noticed Robin
  1645 | D:3      | Learned a level 3 spell: Frozen Ramparts
  1649 | D:3      | Learned a level 3 spell: Ozocubu's Armour
  1898 | D:2      | Killed Robin
  1899 | D:2      | Reached XP level 4. HP: 22/24 MP: 8/12
  1980 | D:2      | Found a faded altar of an unknown god.
  2071 | D:2      | Found a runed translucent door.
  2072 | D:2      | Noticed Crazy Yiuf
  2233 | D:2      | Found an ancient bone altar of Kikubaaqudgha.
  2662 | D:2      | Killed Crazy Yiuf
  2663 | D:2      | Reached skill level 6 in Ice Magic
  3144 | D:3      | Reached XP level 5. HP: 16/28 MP: 8/14
  3281 | D:3      | Learned a level 4 spell: Hailstorm
  4143 | D:3      | Reached skill level 1 in Conjurations
  4432 | D:4      | Reached skill level 5 in Spellcasting
  4592 | D:4      | Noticed an ogre
  4599 | D:4      | Killed an ogre
  4600 | D:4      | Reached skill level 7 in Ice Magic
  4600 | D:4      | Reached XP level 6. HP: 19/32 MP: 10/16
  4990 | D:4      | Noticed Edmund
  5017 | D:4      | Killed Edmund
  5018 | D:4      | Reached XP level 7. HP: 18/36 MP: 9/17
  5173 | D:4      | Found a hazy altar of Hepliaklqana.
  5306 | D:4      | Reached skill level 8 in Ice Magic
  5795 | D:4      | Found a white marble altar of Elyvilon.
  6061 | D:5      | Entered Level 5 of the Dungeon
  6330 | D:5      | Reached XP level 8. HP: 30/41 MP: 11/20
  6564 | D:5      | Reached skill level 9 in Ice Magic
  7368 | D:5      | Found a broken altar of Ashenzari.
  8080 | D:5      | Found a staircase to the Ecumenical Temple.
  8085 | Temple   | Entered the Ecumenical Temple
  8124 | Temple   | Became a worshipper of Sif Muna the Loreminder
  8274 | D:1      | Bought a book of Geomancy for 252 gold pieces
  8278 | D:1      | Learned a level 3 spell: Stone Arrow
  8280 | D:1      | Learned a level 1 spell: Sandblast
  8649 | D:6      | Noticed Dowan
  8652 | D:6      | Reached skill level 1 in Earth Magic
  8654 | D:6      | Killed Dowan
  8655 | D:6      | Noticed Duvessa
  8732 | D:6      | Reached skill level 5 in Conjurations
  9020 | D:6      | Reached skill level 10 in Ice Magic
  9099 | D:6      | Noticed Grinder
  9110 | D:6      | Killed Grinder
  9111 | D:6      | Reached XP level 9. HP: 37/45 MP: 10/23
  9296 | D:6      | Noticed Menkaure
  9302 | D:6      | Killed Menkaure
  9539 | D:6      | Killed Duvessa
  9539 | D:6      | Reached * piety under Sif Muna
  9733 | D:6      | Noticed Pikel
  9744 | D:6      | Killed Pikel
  9745 | D:6      | Reached skill level 11 in Ice Magic
  9797 | D:6      | Found a shadowy altar of Dithmenos.
  9864 | D:6      | Found a shimmering altar of Xom.
  9895 | D:6      | Found Vium's General Store.
  9903 | D:6      | Bought a potion of mutation for 112 gold pieces
 10183 | D:7      | Noticed Joseph
 10292 | D:7      | Found a sacrificial altar of Ru.
 10641 | D:7      | Killed Joseph
 10642 | D:7      | Reached skill level 1 in Fighting
 10877 | D:7      | Found an iron altar of Okawaru.
 11067 | D:7      | Reached XP level 10. HP: 52/52 MP: 19/25
 11105 | D:7      | Noticed Harold
 11118 | D:7      | Killed Harold
 11266 | D:7      | Found a snail-covered altar of Cheibriados.
 11329 | D:7      | Found an opulent altar of Gozag.
 11582 | D:8      | Reached skill level 12 in Ice Magic
 12264 | D:8      | Reached skill level 5 in Earth Magic
 13015 | D:9      | Noticed a two-headed ogre
 13459 | D:9      | Reached skill level 10 in Spellcasting
 14489 | D:9      | Killed a two-headed ogre
 14490 | D:9      | Reached skill level 1 in Bows
 14975 | D:9      | Found a glowing golden altar of the Shining One.
 15027 | D:9      | Reached skill level 5 in Stealth
 16914 | D:9      | Reached ** piety under Sif Muna
 16915 | D:9      | Reached XP level 11. HP: 59/59 MP: 7/27
 17003 | D:9      | Found a radiant altar of Vehumet.
 17003 | D:9      | Found a glowing silver altar of Zin.
 17216 | D:10     | Entered Level 10 of the Dungeon
 17230 | D:10     | Reached skill level 5 in Dodging
 17413 | D:10     | Found a staircase to the Lair.
 17451 | D:10     | Noticed a two-headed ogre
 17458 | D:10     | Killed a two-headed ogre
 17462 | D:10     | Reached skill level 13 in Ice Magic
 18015 | D:10     | Found Arye's Armour Emporium.
 18065 | D:10     | Found Daifehel's Distillery.
 18068 | D:10     | Bought 2 potions of degeneration for 32 gold pieces
 18368 | D:11     | Noticed a seven-headed hydra
 18376 | D:11     | Killed a seven-headed hydra
 18909 | D:11     | Noticed a four-headed hydra
 18931 | D:11     | Killed a four-headed hydra
 18991 | D:11     | Found a radiant altar of Vehumet.
 19782 | D:1      | Bought a book of Spectacle for 448 gold pieces
 19787 | D:1      | Learned a level 4 spell: Iskenderun's Mystic Blast
 20317 | D:12     | Found Ylalanarph's Jewellery Boutique.
 20334 | D:12     | Noticed Fannar
 20562 | D:12     | Killed Fannar
 20563 | D:12     | Reached skill level 5 in Bows
 20563 | D:12     | Reached skill level 1 in Translocations
 20649 | D:12     | Found Owutuej's Book Shoppe.
 20707 | D:12     | Found a staircase to the Orcish Mines.
 21633 | D:12     | Found Kaonenisim's Distillery.
 21688 | D:12     | Found Enal's Armour Emporium.
 21738 | D:12     | Reached skill level 1 in Armour
 21813 | D:12     | Reached XP level 12. HP: 64/64 MP: 2/29
 22208 | D:12     | Shot with a bolt by a yaktaur

Illustrated notes

Levels and vault maps discovered:
D:1:      saegor_arrival_simple_c, layout_loops_ring, serial_shops, shop_coins,
          serial_bayou_ford_a, minmay_tetromino_s2
D:2:      layout_basic, shapermc_ecumenical_altar_acropolis, basic_altar,
          uniq_robin, uniq_crazy_yiuf_cottage
D:3:      layout_basic
D:4:      layout_gridville, nicolae_elyvilon_peaceful_grove,
          lemuel_crystal_altar, minivault_19, uniq_edmund
D:5:      layout_layer_cave, mainiacjoe_overflow_small_starburst,
          minmay_temple_entry_nine_rooms, minmay_fractal_squares_5
D:6:      layout_loops_ring, nicolae_dithmenos_the_darkroom, old_standard_altar,
          serial_shops, nicolae_shop_stone, uniq_menkaure, uniq_duvessa,
          uniq_pikel, uniq_grinder
D:7:      layout_rooms, lemuel_coloured_pillars_altar, amcnicky_altar_gilded,
          grunt_gozag_breadcrumbs, lemuel_tele_altar, uniq_harold, uniq_joseph
D:8:      layout_basic
D:9:      layout_cross, nicolae_tso_swordbearing_angel, jmf_multi_god_temple
D:10:     layout_loops_ring, david_lair_shrubbed, serial_shops, kennysheep_mini,
          shop
D:11:     layout_long_grid, fiery_altar_vehumet
D:12:     layout_basic, david_orc_2, serial_shops, nicolae_diamond_shop,
          kennysheep_little_box, shop_statue, shop, nicolae_shop_statue_plus,
          nicolae_transmutations_shop, uniq_fannar
Temple:   cyrus_temple_forest

Skill      XL: |  1  2  3  4  5  6  7  8  9 10 11 |
---------------+----------------------------------+-----
Ice Magic      | 5 6 7 8 10 11 12 13 | 13.7
Spellcasting   | 4 5 6 8 9 10 11 | 11.7
Conjurations   | 1 2 4 5 6 7 8 |  8.7
Earth Magic    | 2 4 5 |  5.0
Fighting       | 1 2 3 |  3.2
Dodging        | 3 4 6 |  6.5
Stealth        | 3 5 6 |  6.0
Bows           | 2 5 |  5.2
Translocations | 2 |  2.9
Armour         | 1 |  1.5

Action                   |  1- 3 |  4- 6 |  7- 9 | 10-12 || total
-------------------------+-------+-------+-------+-------++-------
Melee: Dagger            |    14 |    94 |    38 |     7 ||   153
       Punch             |       |     3 |     4 |       ||     7
       Flail             |       |       |    43 |       ||    43
       Shortbow          |       |       |       |     1 ||     1
 Fire: Shortbow          |       |       |       |    90 ||    90
 Cast: Freeze            |    37 |    15 |       |    36 ||    88
       Frozen Ramparts   |     3 |    15 |    34 |    33 ||    85
       Ozocubu's Armour  |       |     4 |    24 |    28 ||    56
       Sandblast         |       |       |    76 |    10 ||    86
       Hailstorm         |       |       |       |    73 ||    73
       Stone Arrow       |       |       |       |    17 ||    17
       Iskenderun's Myst |       |       |       |    11 ||    11
  Use: Scroll            |     4 |     5 |     8 |     4 ||    21
 Stab: Sleeping          |     1 |     3 |     2 |       ||     6
Armor: Robe              |     9 |    28 |    67 |    34 ||   138
Dodge: Dodged            |    33 |    53 |    95 |    94 ||   275
